 Dungeon Crawl Stone Soup version 0.29.0-4-gdea44cf6ec (webtiles) character file.

Game seed: 13344087782799908293

134 PieDemon the Chopper (level 4, 0/41 HPs)
             Began as a Minotaur Fighter on Aug 27, 2022.
             Slain by an orc
             ... wielding a +0 hand axe
              (6 damage)
             ... on level 3 of the Dungeon.
             The game lasted 00:02:02 (1829 turns).

PieDemon the Chopper (Minotaur Fighter)             Turns: 1829, Time: 00:02:03

Health: 0/41       AC:  6    Str: 23    XL:     4   Next: 95%
Magic:  3/3        EV:  9    Int: 11    God:
Gold:   155        SH:  0    Dex:  9    Spells: 3/3 levels left

rFire   . . .      SeeInvis .   e - +0 hand axe (vorpal)
rCold   . . .      Faith    .   c - +0 buckler
rNeg    . . .      Spirit   .   b - +0 scale mail
rPois   .          Reflect  .   (helmet restricted)
rElec   .          Harm     .   (no cloak)
rCorr   .          Rampage  .   (no gloves)
Will    .....                   (no boots)
Stlth   ..........              (no amulet)
HPRegen 0.13/turn               d - +6 ring of intelligence
MPRegen 0.08/turn               (no ring)

@: confused
A: horns 2, retaliatory headbutt
a: no special abilities


You were on level 3 of the Dungeon.
You visited 1 branch of the dungeon, and saw 3 of its levels.

You collected 155 gold pieces.

Inventory:

Hand Weapons
 a - a +0 war axe
 e - a +0 vorpal hand axe (weapon)
Armour
 b - a +0 scale mail (worn)
 c - a +0 buckler (worn)
Jewellery
 d - a +6 ring of intelligence (left hand)
Scrolls
 g - 2 scrolls of blinking {unknown}
 h - 8 scrolls of identify {unknown}
 i - 2 scrolls of poison {unknown}
 k - a scroll of noise {unknown}
Potions
 f - 3 potions of curing {unknown}
 j - a potion of heal wounds {unknown}
 l - a potion of flight {unknown}


   Skills:
 + Level 4.6 Fighting
 * Level 4.8 Axes
 - Level 3.6 Armour
 + Level 4.6 Shields


You had 3 spell levels left.
You didn't know any spells.
Your spell library was empty.

Dungeon Overview and Level Annotations

Branches:
Dungeon (3/15)

Altars:


Innate Abilities, Weirdness & Mutations

You have a pair of horns on your head.
You reflexively headbutt those who attack you in melee.


Message History

You hit something but do no damage. Your headbutt misses something.
Something hits you.
You closely miss something. Something hits you.
You hit something but do no damage. Something hits you but does no damage.
Something hits you.
You miss something. Your headbutt misses something.
Something hits you but does no damage.
You miss something.
You hear some strange, mumbled words.
A puff of flame appears from out of thin air!
The puff of flame hits you!
* * * LOW HITPOINT WARNING * * *
You closely miss something. Your headbutt misses something.
You block something's attack.
You closely miss something. Your headbutt misses something.
An orc comes into view. It is wielding a +0 hand axe.
Something hits you but does no damage.
You aren't carrying any items that you can evoke.
Okay, then.
You completely miss something.
The orc shouts!
Your headbutt misses something. Something hits you but does no damage.
You barely miss something. You headbutt something. Something hits you.
* * * LOW HITPOINT WARNING * * *
You miss something.
You hear some strange, mumbled words.
You are confused.
You miss something. Your headbutt misses something.
Something hits you but does no damage.
You bump into the rock wall.
You hear some strange, mumbled words.
A magic dart appears from out of thin air!
The magic dart hits you.
* * * LOW HITPOINT WARNING * * *
You bump into the rock wall.
The orc closely misses you. Something hits you but does no damage.
You barely miss the orc. You barely miss something.
An orc wizard comes into view. It is wielding a +0 dagger.
The orc hits you with a +0 hand axe.
You die...

######.#
#.######<.†...#
........#######.#
.........@{......
........o)).....$
........######...
........# .
...o#.### ###.#.
. #.


You could see an orc wizard (wandering) and an orc.

Vanquished Creatures
  An orc priest (D:2)
  An orc wizard (D:2)
  An adder (D:2)
  A worm (D:2)
  2 dart slugs
  8 orcs
  6 endoplasms
  3 giant cockroaches (D:2)
  2 goblins (D:1)
  5 hobgoblins
  A quokka (D:2)
  6 ball pythons
  5 bats
  3 frilled lizards
  6 kobolds
  6 rats
57 creatures vanquished.

Notes
Turn   | Place    | Note
-------+----------+-------------------------------------------
     0 | D:1      | PieDemon the Minotaur Fighter began the quest for the Orb.
     0 | D:1      | Reached XP level 1. HP: 19/19 MP: 0/0
   380 | D:1      | Reached XP level 2. HP: 26/27 MP: 1/1
   677 | D:1      | Reached XP level 3. HP: 33/33 MP: 2/2
   748 | D:2      | Found a faded altar of an unknown god.
  1126 | D:2      | Reached XP level 4. HP: 12/41 MP: 3/3
  1127 | D:2      | HP: 2/41 [orc/+0 club (4)]
  1829 | D:3      | Slain by an orc

Illustrated notes

Levels and vault maps discovered:
D:1:      zelgadis_glass_arrival_small, layout_rooms
D:2:      cheibrodos_pilgrimage, layout_basic, shapermc_ecumenical_altar_petra,
          kennysheep_cross_room
D:3:      minmay_razor_zed, layout_basic, lemuel_doored_altar, minmay_pentangle,
          uniq_robin

Skill      XL: |  1  2  3 |
---------------+----------+-----
Axes           | 3 4 |  4.8
Fighting       | 4 |  4.6
Shields        | 4 |  4.6
Armour         | |  3.6

Action                   |  1- 3 |  4- 6 || total
-------------------------+-------+-------++-------
Melee: Hand axe          |    78 |    33 ||   111
       Headbutt          |     9 |     4 ||    13
  Use: Potion            |     1 |       ||     1
Armor: Scale mail        |    32 |    12 ||    44
Dodge: Dodged            |    37 |     6 ||    43
Block: Buckler           |    18 |     6 ||    24
